 Dungeon Crawl Stone Soup version 0.32-a0-141-g04fe69798e (webtiles) character file.

Game seed: 17374108739256520175

130 ssldvbfs the Covered (level 4, -4/41 HPs)
             Began as a Minotaur Fighter on Feb 11, 2024.
             Was an Initiate of Okawaru.
             Killed by divine providence
             ... invoked by an orc priest
              (13 damage)
             ... on level 3 of the Dungeon.
             The game lasted 00:03:58 (1615 turns).

ssldvbfs the Covered (Minotaur Fighter)             Turns: 1615, Time: 00:03:59

Health: -4/41      AC:  7    Str: 29    XL:     4   Next: 90%
Magic:  3/3        EV: 15    Int:  5    God:    Okawaru [......]
Gold:   155        SH:  9    Dex:  9    Spells: 3/3 levels left

rFire   . . .        a - +1 war axe
rCold   . . .        c - +0 buckler
rNeg    . . .        b - +0 scale mail
rPois   .            (helmet restricted)
rElec   .            (no cloak)
rCorr   .            (no gloves)
SInv    .            (no boots)
Will    .....        e - amulet of reflection Stlth
                     i - +6 ring of strength
HPRegen 0.26/turn    j - +5 ring of evasion
MPRegen 0.08/turn

%: reflection
@: no status effects
A: horns 2, retaliatory headbutt
a: Renounce Religion


You were on level 3 of the Dungeon.
You worshipped Okawaru.
Okawaru was noncommittal.
You visited 1 branch of the dungeon, and saw 3 of its levels.

You collected 155 gold pieces.

Inventory:

Hand Weapons
 a - a +1 war axe (weapon)
Missiles
 m - a throwing net (quivered)
Armour
 b - a +0 scale mail (worn)
 c - a +0 buckler (worn)
Jewellery
 e - an amulet of reflection (around neck)
 h - a ring of protection from fire
 i - a +6 ring of strength (left hand)
 j - a +5 ring of evasion (right hand)
 n - a ring of fire
Scrolls
 o - a scroll of revelation
Potions
 d - a potion of might
 f - a potion of lignification
 g - 2 potions of enlightenment
 k - a potion of mutation {unknown}
 l - a potion of attraction {unknown}


   Skills:
 + Level 4.4 Fighting
 + Level 3.4 Axes
 + Level 4.4 Armour
 + Level 2.1 Dodging
 + Level 4.4 Shields


You had 3 spell levels left.
You didn't know any spells.
Your spell library was empty.

Dungeon Overview and Level Annotations

Branches:
Dungeon (3/15)

Altars:
Cheibriados
Okawaru
Sif Muna


Innate Abilities, Weirdness & Mutations

You have a pair of horns on your head.
You reflexively headbutt those who attack you in melee.


Message History

You nearly stumble into some deep water!
The orc wizard hits you but does no damage.
The orc misses you.
Unknown command.
Unknown command.
You nearly stumble into some deep water!
The orc wizard points at you and mumbles some strange words.
You resist with some effort. The orc misses you.
Unknown command.
You slash the orc!
You kill the orc!
Okawaru accepts your kill.
You miss the orc wizard. The orc wizard closely misses you.
Unknown command.
You're too confused to move!
The orc wizard gestures wildly while chanting.
The orc wizard flickers and vanishes!
Deactivating autopickup; reactivate with Ctrl-A.
Unknown command.
You nearly stumble into some deep water!
You feel less confused. Something barely misses you.
Unknown command.
You miss something. Something barely misses you.
Unknown command.
You hit something. Your headbutt misses something.
Something closely misses you. Something hits you.
Unknown command.
You miss something. You headbutt something. Something barely misses you.
The orc priest calls down the wrath of Beogh upon you.
Something writhes in agony.
Unknown command.
You hit something but do no damage. You block something's attack.
You closely miss something. You block something's attack.
The orc priest mumbles some strange prayers to Beogh against you.
Beogh smites you!
* * * LOW HITPOINT WARNING * * *
The orc priest calls down the wrath of Beogh upon you.
Beogh smites you!
You die...

.......#.≈. .. .....>(# ≈ ≈_.
.≈ ......## .. #.≈ ......# #
≈. ≈.# ......# #. ≈ .≈.#
.....####.≈ .###.≈.# .#
........#.≈.####....≈.# .#
#.##.####.≈....)≈≈≈≈≈.#..#
#.##.# #.≈≈≈≈≈≈@{o...#..#
#.##.# #.......#######.#
..##.# ########..))....#####
.###.################........
######...................#.#.
.......##.##########.....#
#########.# #.#####
.........†# #.# .......####
#.#


You could see an orc priest.

Vanquished Creatures
  A bombardier beetle (D:3)
  3 gnolls (D:3)
  A dart slug (D:3)
  A ribbon worm (D:2)
  4 orcs (D:3)
  A ball python (D:1)
  7 bats
  2 endoplasms (D:1)
  4 giant cockroaches
  2 goblins
  6 hobgoblins
  7 jackals
  4 quokkas
  A frilled lizard (D:2)
  8 kobolds
  4 rats
56 creatures vanquished.

Notes
Turn   | Place    | Note
-------+----------+-------------------------------------------
     0 | D:1      | ssldvbfs the Minotaur Fighter began the quest for the Orb.
     0 | D:1      | Reached XP level 1. HP: 19/19 MP: 0/0
   111 | D:1      | Reached XP level 2. HP: 20/27 MP: 1/1
   322 | D:1      | Reached skill level 1 in Dodging
   322 | D:1      | Found a faded altar of an unknown god.
   522 | D:2      | Reached XP level 3. HP: 33/33 MP: 2/2
  1113 | D:3      | Reached XP level 4. HP: 19/40 MP: 3/3
  1249 | D:3      | Found a snail-covered altar of Cheibriados.
  1289 | D:3      | Found an iron altar of Okawaru.
  1297 | D:3      | Became a worshipper of Warmaster Okawaru
  1597 | D:3      | Found a shimmering blue altar of Sif Muna.
  1615 | D:3      | Killed from afar by an orc priest

Illustrated notes

Levels and vault maps discovered:
D:1:      ldierk_walled_garden_2, layout_rooms, ebering_ecumenical_altar_ruins,
          grunt_decor_arrowhead
D:2:      layout_basic
D:3:      layout_rooms, kennysheep_okawaru_gauntlet, slow_altar_2,
          nicolae_overflow_squiral, mainiacjoe_overflow_catwalk,
          serial_co_window_serial, co_window_paths_a, co_window_corner_a,
          co_window_paths_a, co_window_of_opportunity_a, co_window_cross_1,
          co_window_paths_a, co_window_of_opportunity_a, co_window_broadway_b,
          co_window_of_opportunity_c, co_window_corner_cb, co_window_2corner,
          co_window_paths_d

Skill      XL: |  1  2  3  4 |
---------------+-------------+-----
Dodging        | 1 2 |  2.1
Armour         | 4 |  4.4
Fighting       | 4 |  4.4
Shields        | 4 |  4.4
Axes           | 3 |  3.4

Action                     |  1- 3 |  4- 6 || total
---------------------------+-------+-------++-------
  Melee: War axe           |    98 |    28 ||   126
         Headbutt          |    10 |     4 ||    14
    Use: Scroll            |     8 |       ||     8
 Armour: Scale mail        |    61 |    18 ||    79
  Dodge: Dodged            |    48 |    28 ||    76
  Block: Buckler           |    59 |    22 ||    81

Table legend: (Time is in decaauts)
 A = Elapsed time spent in this place.
 B = Non-inter-level travel time spent in this place.
 C = Inter-level travel time spent in this place.
 D = Time resting spent in this place.
 E = Time spent auto-exploring this place.
 F = Levels seen in this place.
 G = Mean time per level.
                   A        B        C        D        E       F      G
               +--------+--------+--------+--------+--------+-----+--------+
         Total |   1662 |   1619 |     43 |      0 |   1104 |   3 |  554.0 |
       Dungeon |   1662 |   1619 |     43 |      0 |   1104 |   3 |  554.0 |
               +--------+--------+--------+--------+--------+-----+--------+

Top non-repeatable levels by time:
     D:3: 631 daAuts
     D:2: 573 daAuts
     D:1: 457 daAuts
